 Dungeon Sprint DCSS version 0.28-a0-1374-ga75cb3825e (webtiles) character file.

Game seed: 8410836960500181734

53193 mhtbhm the Minotaur Porcupine (level 14, -6/252 HPs)
             Began as a Minotaur Berserker on Dec 31, 2021.
             Was the Champion of Trog.
             Killed from afar by a frost giant (45 damage)
             ... with a bolt of cold
             ... in the Dungeon (Sprint IX: "|||||||||||||||||||||||||||||").
             The game lasted 00:10:37 (4441 turns).

mhtbhm the Minotaur Porcupine (Minotaur Berserker)  Turns: 4441, Time: 00:10:38

Health: -6/252     AC: 27    Str: 26    XL:     14   Next: 30%
Magic:  13/13      EV: 16    Int:  4    God:    Trog [******]
Gold:   1057       SH:  0    Dex: 13    Spells: 13/13 levels left

rFire   + . .      SeeInvis .   a - +6 glaive (vorpal)
rCold   . . .      Faith    .   (shield currently unavailable)
rNeg    . . .      Spirit   .   b - +2 plate armour {rF+}
rPois   +          Reflect  .   t - +0 hat {Stlth+}
rElec   .          Harm     .   s - +0 cloak
rCorr   .          Rampage  .   (no gloves)
Will    +....      NoTele   +   u - +1 pair of boots {Stlth+}
Stlth   ..........              (no amulet)
HPRegen 0.52/turn               l - +2 ring of evasion
MPRegen 0.13/turn               D - ring of poison resistance

@: berserking, very quick
A: horns 2, retaliatory headbutt, agile 1
a: Renounce Religion, Berserk, Trog's Hand, Brothers in Arms


You were in the Dungeon.
You worshipped Trog.
Trog was exalted by your worship.
You visited 1 branch You collected 1954 gold pieces.
You spent 897 gold pieces at shops.

Inventory:

Hand Weapons
 a - a +6 vorpal glaive (weapon)
Missiles
 m - 3 curare-tipped darts
 C - a throwing net (quivered)
 F - a silver javelin
Armour
 b - a +2 plate armour of fire resistance (worn)
 s - a +0 cloak (worn)
 t - a +0 hat of stealth (worn)
 u - a +1 pair of boots of stealth (worn)
 G - a +1 tower shield
Jewellery
 k - a ring of willpower
 l - a +2 ring of evasion (left hand)
 D - a ring of poison resistance (right hand)
 E - a ring of protection from cold
Wands
 j - a wand of iceblast (9)
Scrolls
 h - 3 scrolls of blinking
 o - a scroll of fear
 p - 3 scrolls of identify
 q - 3 scrolls of enchant weapon
 r - 2 scrolls of enchant armour
 v - 2 scrolls of immolation {unknown}
 y - a scroll of torment {unknown}
 A - 4 scrolls of fog
 B - a scroll of summoning {unknown}
Potions
 c - 10 potions of curing
 d - 8 potions of heal wounds
 e - 2 potions of haste
 f - 4 potions of magic
 g - a potion of berserk rage
 i - a potion of invisibility
 n - a potion of resistance
 w - a potion of degeneration {unknown}
 x - a potion of attraction {unknown}
 z - 3 potions of lignification {unknown}


   Skills:
 O Level 27 Fighting
 O Level 27 Polearms
 + Level 2.2 Throwing
 + Level 23.2 Armour
 + Level 14.2 Dodging
 + Level 3.1 Stealth
 + Level 1.2 Evocations


You had 13 spell levels left.
You didn't know any spells.
Your spell library was empty.

Dungeon Overview and Level Annotations

Branches:
Dungeon (1/1)

Altars:
Cheibriados
Dithmenos
Elyvilon
Fedhas
Gozag
Hepliaklqana
Kikubaaqudgha
Makhleb
Nemelex Xobeh
Okawaru
Qazlal
Ru
Sif Muna
Trog
Uskayaw
Vehumet
Wu Jian
Xom
Yredelemnul
Zin
The Shining One
Beogh
Jiyva
Lugonu

Shops:
D **[(


Innate Abilities, Weirdness & Mutations

You have a pair of horns on your head.
You reflexively headbutt those who attack you in melee.
You are agile. (Dex +2)


Message History

You are too injured to fight recklessly!
You are too injured to fight recklessly!
You are too injured to fight recklessly!
You are too injured to fight recklessly!
You are too injured to fight recklessly!
You are too injured to fight recklessly!
You are too injured to fight recklessly!
Unknown command.
Okay, then.
A red film seems to cover your vision as you go berserk!
You feel yourself moving faster!
You feel mighty! The frost giant casts a spell at you.
The bolt of cold hits the frost giant.
The frost giant resists.
The bolt of cold hits you!!
The frost giant hits you with a +2 battleaxe of freezing!
The frost giant freezes you.
You slice the frost giant!!
The frost giant is almost dead.
Unknown command.
You slice the frost giant!!
You kill the frost giant!
Trog accepts your kill. Trog grants you a weapon!
Something appears at your feet!
You see here a +2 halberd.
Trog appreciates your killing of a magic user.
Your Armour skill increases to level 23!
The frost giant hits you with a +2 battleaxe of freezing!!
* * * LOW HITPOINT WARNING * * *
The frost giant freezes you!
* * * LOW HITPOINT WARNING * * *
You see here a +2 battleaxe of freezing.
Unknown command.
You carve the frost giant like a ham!!!
The frost giant is heavily wounded.
Unknown command.
You slice the frost giant!!
The frost giant is severely wounded.
The frost giant points at you and mumbles some strange words.
The bolt of cold hits you!!!
You die...

.▓.▓.▓.▓.▓.▓.▓.▓.▓
.▓.▓.▓.▓.▓.▓.▓.▓.▓
(▓.▓'▓.▓.▓.▓.▓.▓.▓
:▓.▓)▓.▓.▓.▓.▓.▓.▓
[▓.▓)▓.▓)▓†▓)▓.▓.▓
.▓.▓)▓.▓)▓)▓)▓.▓)▓
.▓.▓)▓)▓)▓.▓)▓.▓'▓
.▓.▓.▓.▓)▓.▓.▓.▓)▓
.▓.▓)▓.▓)▓)▓.▓.▓@▓
.▓.▓)▓.▓)▓.▓)▓.▓C▓
†▓.▓)▓.▓)▓.▓.▓.▓i▓
.▓.▓)▓)▓)▓.▓.▓.▓C▓
.▓.▓)▓.▓.▓.▓.▓.▓.▓
.▓.▓.▓.▓[▓.▓)▓.▓.▓
.▓.▓.▓.▓[▓.▓'▓.▓.▓
.▓.▓)▓.▓.▓.▓)▓.▓.▓
.▓.▓)▓.▓[▓.▓÷▓.▓


You could see a frost giant, a stone giant and a spriggan berserker
(regenerating, strong-willed).

Vanquished Creatures
  Rupert (D)
  Gastronok (D)
  A thorn hunter (D)
  A ghost moth (D)
  An emperor scorpion (D)
  A frost giant (D)
  2 iron dragons (D)
  A spriggan defender (D)
  A bunyip (D)
  Azrael (D)
  Josephine (D)
  A merfolk javelineer (D)
  2 fire dragons (D)
  An ettin (D)
  A great orb of eyes (D)
  5 hydras (D)
  An ice dragon (D)
  A merfolk avatar (D)
  A spriggan air mage (D)
  A jorogumo (D)
  3 ogre magi (D)
  An alligator (D)
  A merfolk aquamancer (D)
  2 tengu warriors (D)
  4 centaur warriors (D)
  A two-headed ogre (D)
  A spriggan berserker (D)
  Sonja (D)
  2 shock serpents (D)
  A pharaoh ant (D)
  5 deep trolls (D)
  A steelbarb worm (shapeshifter) (D)
  A spriggan druid (D)
  2 orb spiders (D)
  A glowing orange brain (D)
  2 swamp dragons (D)
  2 naga ritualists (D)
  A wolf spider (D)
  2 manticores (D)
  3 orc knights (D)
  An orc sorcerer (D)
  3 will-o-the-wisps (D)
  A moth of wrath (D)
  A cyclops (D)
  A water nymph (D)
  3 black mambas (D)
  A merfolk siren (D)
  A gargoyle (D)
  2 naga magi (D)
  2 cane toads (D)
  A komodo dragon (D)
  A freezing wraith (D)
  A tengu conjurer (D)
  A merfolk (D)
  2 wind drakes (D)
  7 trolls (D)
  A meliai (D)
  3 polar bears (D)
  A blink frog (D)
  A snapping turtle (D)
  A jumping spider (D)
  2 culicivoras (D)
  2 basilisks (D)
  3 wraiths (D)
  A yak (D)
  A fire elemental (D)
  A redback (D)
  3 hell hounds (D)
  4 water moccasins (D)
  A floating eye (D)
  6 black bears (D)
  5 orc warriors (D)
  A wolf (D)
  A centaur (D)
  6 bullfrogs (D)
  A scorpion (D)
  3 orc priests (D)
  An iguana (D)
  3 orc wizards (D)
  An adder (D)
  10 orcs (D)
  An endoplasm (D)
  A hobgoblin (D)
  A quokka (D)
  A ball python zombie (D)
  A bat (D)
  2 rats (D)
  A briar patch (D)
163 creatures vanquished.

Vanquished Creatures (collateral kills)
  A tengu warrior (D)
  2 spriggan berserkers (D)
3 creatures vanquished.

Vanquished Creatures (others)
  2 briar patches (D)
  5 foxfires (D)
7 creatures vanquished.

Grand Total: 173 creatures vanquished

Notes
Turn   | Place    | Note
-------+----------+-------------------------------------------
     0 | D        | mhtbhm the Minotaur Berserker began the quest for the Orb.
     0 | D        | Reached XP level 1. HP: 19/19 MP: 0/0
     8 | D        | Reached ** piety under Trog
    17 | D        | Noticed an iguana
    17 | D        | Noticed a black bear
    17 | D        | Noticed a scorpion
    19 | D        | Reached *** piety under Trog
    20 | D        | Reached skill level 5 in Fighting
    20 | D        | Reached skill level 5 in Polearms
    20 | D        | Reached XP level 2. HP: 29/29 MP: 1/1
    23 | D        | Reached XP level 3. HP: 37/37 MP: 2/2
    26 | D        | Killed a black bear
    27 | D        | Reached XP level 4. HP: 48/48 MP: 3/3
    35 | D        | Killed a scorpion
    36 | D        | Reached XP level 5. HP: 56/56 MP: 4/4
    42 | D        | Found a snail-covered altar of Cheibriados.
    42 | D        | Found a shadowy altar of Dithmenos.
    42 | D        | Found a white marble altar of Elyvilon.
    42 | D        | Found a blossoming altar of Fedhas.
    42 | D        | Found an opulent altar of Gozag.
    43 | D        | Found a hazy altar of Hepliaklqana.
    44 | D        | Found a viscous altar of Jiyva.
    45 | D        | Found an ancient bone altar of Kikubaaqudgha.
    46 | D        | Found a corrupted altar of Lugonu.
    47 | D        | Found a burning altar of Makhleb.
    48 | D        | Found a sparkling altar of Nemelex Xobeh.
    49 | D        | Found an iron altar of Okawaru.
    50 | D        | Found a stormy altar of Qazlal.
    51 | D        | Found a sacrificial altar of Ru.
    52 | D        | Found a shimmering blue altar of Sif Muna.
    53 | D        | Found a bloodstained altar of Trog.
    54 | D        | Found a hide-covered altar of Uskayaw.
    55 | D        | Found a radiant altar of Vehumet.
    56 | D        | Found an ornate altar of the Wu Jian Council.
    57 | D        | Found a shimmering altar of Xom.
    58 | D        | Found a basalt altar of Yredelemnul.
    59 | D        | Found a glowing silver altar of Zin.
    60 | D        | Found a glowing golden altar of the Shining One.
   164 | D        | Noticed a troll
   164 | D        | Noticed a yak
   164 | D        | Noticed a two-headed ogre
   164 | D        | Noticed a troll
   164 | D        | Noticed a centaur
   169 | D        | Killed a troll
   169 | D        | Reached **** piety under Trog
   170 | D        | Reached skill level 10 in Fighting
   170 | D        | Reached skill level 5 in Dodging
   170 | D        | Reached XP level 6. HP: 63/67 MP: 5/5
   173 | D        | Killed a yak
   174 | D        | Reached XP level 7. HP: 71/74 MP: 6/6
   176 | D        | Killed a two-headed ogre
   177 | D        | Reached XP level 8. HP: 83/86 MP: 7/7
   178 | D        | Killed a troll
   181 | D        | Reached ***** piety under Trog
   310 | D        | Noticed a troll
   310 | D        | Noticed a meliai
   310 | D        | Noticed a centaur warrior
   310 | D        | Noticed a gargoyle
   310 | D        | Noticed a centaur warrior
   310 | D        | Noticed a centaur warrior
   317 | D        | Killed a troll
   318 | D        | Killed a meliai
   319 | D        | Reached skill level 15 in Polearms
   325 | D        | Killed a centaur warrior
   325 | D        | Received a gift from Trog
   326 | D        | Reached skill level 15 in Fighting
   326 | D        | Reached XP level 9. HP: 61/97 MP: 8/8
   328 | D        | Killed a gargoyle
   329 | D        | Reached skill level 10 in Armour
   335 | D        | Killed a centaur warrior
   340 | D        | Killed a centaur warrior
   788 | D        | Noticed a cane toad
   788 | D        | Noticed a six-headed hydra
   793 | D        | Reached XP level 10. HP: 108/108 MP: 9/9
   806 | D        | Killed a 12-headed hydra
   809 | D        | Killed a cane toad
   825 | D        | Reached ****** piety under Trog
   881 | D        | Noticed a five-headed hydra
   883 | D        | Noticed a cane toad
   887 | D        | Killed a nine-headed hydra
   888 | D        | Reached skill level 10 in Dodging
   899 | D        | Killed a cane toad
   902 | D        | Received a gift from Trog
  1027 | D        | Received a gift from Trog
  1030 | D        | Reached XP level 11. HP: 121/121 MP: 10/10
  1143 | D        | Noticed Gastronok
  1151 | D        | Killed Gastronok
  1151 | D        | Received a gift from Trog
  1224 | D        | Noticed an orc knight
  1233 | D        | Killed an orc knight
  1234 | D        | Noticed an orc sorcerer
  1246 | D        | Received a gift from Trog
  1256 | D        | Killed an orc sorcerer
  1316 | D        | Noticed an orc knight
  1320 | D        | Received a gift from Trog
  1322 | D        | Noticed an orc knight
  1328 | D        | Killed an orc knight
  1336 | D        | Killed an orc knight
  1344 | D        | Received a gift from Trog
  1517 | D        | Found Xudaotsi's Assorted Antiques.
  1517 | D        | Noticed an ettin
  1517 | D        | Noticed an ogre mage
  1517 | D        | Noticed a deep troll
  1517 | D        | Noticed a deep troll
  1518 | D        | Noticed an ogre mage
  1519 | D        | Killed an ettin
  1521 | D        | Killed an ogre mage
  1521 | D        | Received a gift from Trog
  1526 | D        | Killed a deep troll
  1527 | D        | Found Poreesmo's Assorted Antiques.
  1527 | D        | Noticed a deep troll
  1532 | D        | Killed a deep troll
  1533 | D        | Reached skill level 15 in Armour
  1545 | D        | Killed an ogre mage
  1545 | D        | Received a gift from Trog
  1551 | D        | Killed a deep troll
  1552 | D        | Reached XP level 12. HP: 75/134 MP: 11/11
  1711 | D        | Found Ygoext's Armour Emporium.
  1715 | D        | Found Exzefrea's Weapon Shoppe.
  1717 | D        | Noticed an ogre mage
  1728 | D        | Killed an ogre mage
  1775 | D        | Bought a pair of runed boots for 157 gold pieces
  1787 | D        | Bought a scroll labelled GUCYV LYESA for 21 gold pieces
  1787 | D        | Bought a clear potion for 18 gold pieces
  1787 | D        | Bought a viscous red potion for 18 gold pieces
  1787 | D        | Bought 2 purple potions for 37 gold pieces
  1787 | D        | Bought a potion of heal wounds for 105 gold pieces
  1787 | D        | Bought a scroll labelled TUR XEWEAS for 21 gold pieces
  1787 | D        | Bought a scroll labelled EKKIMADWYNE for 21 gold pieces
  1789 | D        | Bought a scroll labelled EKKIMADWYNE for 30 gold pieces
  1789 | D        | Bought a scroll labelled DYUGYPNEUHUTE for 30 gold pieces
  1789 | D        | Bought a purple potion for 27 gold pieces
  1789 | D        | Bought a scroll labelled GUCYV LYESA for 30 gold pieces
  1793 | D        | Bought 2 throwing nets for 60 gold pieces
  1801 | D        | Bought a +3 scale mail of poison resistance for 322 gold
                  | pieces
  1887 | D        | Received a gift from Trog
  1888 | D        | Noticed Josephine
  1894 | D        | Killed Josephine
  2003 | D        | Noticed a centaur warrior
  2003 | D        | Noticed an eight-headed hydra
  2006 | D        | Killed a centaur warrior
  2010 | D        | Killed a nine-headed hydra
  2010 | D        | Identified the +3 halberd "Jiqilurgh" {flame, *Rage rF++
                  | SInv Stlth+} (Trog gifted it to you in the Dungeon)
  2010 | D        | Received a gift from Trog
  2017 | D        | Noticed a tengu warrior
  2021 | D        | Noticed a great orb of eyes
  2031 | D        | Paralysed by a floating eye for 3 turns
  2032 | D        | Noticed a tengu warrior
  2034 | D        | Noticed a death yak
  2035 | D        | Killed a tengu warrior
  2035 | D        | Received a gift from Trog
  2039 | D        | Paralysed by a floating eye for 4 turns
  2043 | D        | Killed a great orb of eyes
  2058 | D        | Killed a tengu warrior
  2517 | D        | Noticed Rupert
  2521 | D        | Paralysed by Rupert for 2 turns
  2532 | D        | Killed Rupert
  2764 | D        | Noticed Sonja
  2772 | D        | Killed Sonja
  2773 | D        | Reached XP level 13. HP: 75/148 MP: 12/12
  3016 | D        | Noticed Azrael
  3017 | D        | Received a gift from Trog
  3023 | D        | Killed Azrael
  3086 | D        | Noticed a merfolk javelineer
  3090 | D        | Killed a merfolk javelineer
  3103 | D        | Received a gift from Trog
  3104 | D        | Reached skill level 1 in Throwing
  3124 | D        | Received a gift from Trog
  3189 | D        | Reached skill level 1 in Stealth
  3195 | D        | Received a gift from Trog
  3293 | D        | Noticed a bunyip
  3302 | D        | Killed a bunyip
  3302 | D        | Identified the +4 executioner's axe "Kaff" {vorpal, Str+4}
                  | (Trog gifted it to you in the Dungeon)
  3302 | D        | Received a gift from Trog
  3308 | D        | Noticed a thorn hunter
  3310 | D        | Reached skill level 1 in Evocations
  3322 | D        | Received a gift from Trog
  3329 | D        | Killed a thorn hunter
  3595 | D        | Killed a ghost moth
  3840 | D        | Received a gift from Trog
  3934 | D        | Noticed an emperor scorpion
  3939 | D        | Killed an emperor scorpion
  3939 | D        | Identified the +6 halberd "Lifebane" {vorpal, rC- Dex+5}
                  | (Trog gifted it to you in the Dungeon)
  3939 | D        | Received a gift from Trog
  3940 | D        | Reached skill level 27 in Polearms
  3940 | D        | Reached XP level 14. HP: 165/166 MP: 13/13
  4024 | D        | Noticed a spriggan defender
  4030 | D        | Reached skill level 27 in Fighting
  4033 | D        | Noticed an iron dragon
  4046 | D        | Killed a spriggan defender
  4050 | D        | Received a gift from Trog
  4411 | D        | Gained mutation: You are agile. (Dex +2) [a shining eye]
  4421 | D        | Killed an iron dragon
  4422 | D        | Noticed an iron dragon
  4423 | D        | Noticed a frost giant
  4423 | D        | Noticed a frost giant
  4432 | D        | Noticed a stone giant
  4433 | D        | Killed an iron dragon
  4438 | D        | Killed a frost giant
  4438 | D        | Received a gift from Trog
  4441 | D        | Killed from afar by a frost giant

Illustrated notes

Levels and vault maps discovered:
D:        linesprint [early_d, line_temple, items_1, d_10, items_2, lair_1,
          lair_end, items_3, orc_1, orc_end, items_4, d_15, swamp_1, shoals_1,
          snake_1, spider_1, d_20, vaults_1, items_5, swamp_end, shoals_end,
          snake_end, spider_end, vaults_end, d_27, items_6, zot_1, zot_end,
          crypt_end, forest_end, elf_end, slime_end, tomb_end, abyss_end,
          pan_hell_end]

Skill      XL: |  1  2  3  4  5  6  7  8  9 10 11 12 13 14 |
---------------+-------------------------------------------+-----
Fighting       | 5 6 7 8 10 11 13 15 16 18 20 23 26 27 | 27.0
Polearms       | 5 6 8 9 11 13 15 17 19 22 24 27 | 27.0
Armour         | 3 4 6 8 9 10 12 15 17 20 23 | 23.2
Dodging        | 3 4 5 6 7 8 9 10 11 12 13 14 | 14.2
Throwing       | 2 |  2.2
Stealth        | 2 3 |  3.1
Evocations     | 1 |  1.2

Action                   |  1- 3 |  4- 6 |  7- 9 | 10-12 | 13-15 || total
-------------------------+-------+-------+-------+-------+-------++-------
Melee: Spear             |    15 |     9 |       |       |       ||    24
       Headbutt          |     3 |     2 |     6 |    45 |    35 ||    91
       Halberd           |       |     8 |    37 |    59 |       ||   104
       Glaive            |       |       |       |   200 |   203 ||   403
Throw: Throwing net      |       |       |       |     2 |       ||     2
Invok: Berserk           |     1 |     1 |     2 |     8 |     8 ||    20
       Brothers in Arms  |       |       |       |     2 |       ||     2
Evoke: Wand              |       |       |       |     1 |       ||     1
  Use: Scroll            |       |       |       |     1 |       ||     1
Armor: Chain mail        |       |     2 |    20 |    60 |       ||    82
       Plate armour      |       |       |       |    27 |    80 ||   107
Dodge: Dodged            |     6 |     7 |    16 |   110 |    60 ||   199

Table legend: (Time is in decaauts)
 A = Elapsed time spent in this place.
 B = Non-inter-level travel time spent in this place.
 C = Inter-level travel time spent in this place.
 D = Time resting spent in this place.
 E = Time spent auto-exploring this place.
 F = Levels seen in this place.
 G = Mean time per level.
                   A        B        C        D        E       F      G
               +--------+--------+--------+--------+--------+-----+--------+
         Total |   4421 |   4421 |      0 |   2758 |    306 |   1 | 4421.0 |
       Dungeon |   4421 |   4421 |      0 |   2758 |    306 |   1 | 4421.0 |
               +--------+--------+--------+--------+--------+-----+--------+

Top non-repeatable levels by time:
       D: 4421 daAuts
